 Dungeon Crawl Stone Soup version 0.29.0-13-gc9e81de378 (webtiles) character file.

Game seed: 9289864458835724607

2812 freelancePsychic the Cleaver (level 9, -3/81 HPs)
             Began as a Hill Orc Fighter on Sept 11, 2022.
             Was an Initiate of Beogh.
             Slain by a fire elemental (13 damage)
             ... summoned by a deep elf pyromancer
             ... on level 7 of the Dungeon.
             The game lasted 00:10:38 (7452 turns).

freelancePsychic the Cleaver (Hill Orc Fighter)     Turns: 7452, Time: 00:10:39

Health: -3/81      AC: 15    Str: 21    XL:     9   Next: 72%
Magic:  12/12      EV:  7    Int:  8    God:    Beogh [......]
Gold:   240        SH:  9    Dex: 12    Spells: 8/8 levels left

rFire   . . .      SeeInvis .   a - +0 war axe
rCold   . . .      Faith    .   c - +0 buckler
rNeg    . . .      Spirit   .   s - +0 chain mail
rPois   +          Reflect  +   h - +0 helmet
rElec   .          Harm     .   (no cloak)
rCorr   .          Rampage  .   B - +0 pair of gloves
Will    +....                   v - +2 pair of boots
Stlth   ..........              d - amulet of reflection
HPRegen 0.23/turn               p - ring of poison resistance
MPRegen 0.13/turn               e - ring of willpower

@: no status effects
A: no striking features
a: Renounce Religion


You were on level 7 of the Dungeon.
You worshipped Beogh.
Beogh was noncommittal.
You visited 1 branch of the dungeon, and saw 7 of its levels.

You collected 310 gold pieces.
You spent 70 gold pieces at shops.

Inventory:

Hand Weapons
 a - a +0 war axe (weapon)
Missiles
 f - a silver javelin (quivered)
 k - 15 poisoned darts
 w - 2 boomerangs
Armour
 b - a +0 scale mail
 c - a +0 buckler (worn)
 h - a +0 helmet (worn)
 s - a +0 chain mail (worn)
 v - a +2 pair of boots (worn)
 B - a +0 pair of gloves (worn)
Jewellery
 d - an amulet of reflection (around neck)
 e - a ring of willpower (right hand)
 p - a ring of poison resistance (left hand)
 y - a ring of protection from fire
Wands
 j - a wand of flame (9)
 E - a wand of roots (3)
 F - a wand of paralysis (2)
Scrolls
 g - 2 scrolls of immolation
 o - a scroll of enchant weapon
 t - a scroll of noise
 u - a scroll of butterflies
 z - 2 scrolls of poison
 D - a scroll of teleportation {@r4}
Potions
 i - a potion of lignification
 l - 4 potions of mutation {unknown}
 m - 2 potions of haste {@q3}
 n - a potion of ambrosia {unknown}
 q - 2 potions of cancellation {unknown}
 r - 3 potions of berserk rage
 x - 2 potions of curing {@q1}
 A - a potion of invisibility {unknown}
 C - a potion of magic {unknown}


   Skills:
 + Level 8.1 Fighting
 + Level 12.0 Axes
 - Level 5.0 Throwing
 - Level 4.3 Armour
 - Level 3.2 Shields
 + Level 4.4 Invocations


You had 8 spell levels left.
You didn't know any spells.
Your spell library contained the following spells:

 Spells                   Type           Power      Damage    Failure   Level
 Summon Small Mammal      Summ           0%         N/A       99%         1
 Call Canine Familiar     Summ           0%         N/A       100%        3
 Conjure Flame            Conj/Fire      0%         6-21      100%        3
 Ignite Poison            Fire/Tmut/Pois 0%         N/A       100%        3
 Summon Guardian Golem    Hex/Summ       0%         N/A       100%        3
 Tukima's Dance           Hex            0%         N/A       100%        3
 Passage of Golubria      Tloc           0%         N/A       100%        4
 Sticky Flame             Conj/Fire      0%         2d3       100%        4
 Summon Lightning Spire   Summ/Air       0%         N/A       100%        4
 Yara's Violent Unravell  Hex/Tmut       0%         3d3       100%        5
 Storm Form               Tmut/Air       0%         N/A       100%        7
 Maxwell's Capacitive Co  Air            0%         ∞         100%        8


Dungeon Overview and Level Annotations

Branches:
Dungeon (7/15)             Temple (0/1) D:7

Altars:
Dithmenos
Hepliaklqana
Trog

Shops:
D:4 (*   D:6 ?

Annotations:
D:7 1 transporter, 4 runed translucent doors


Message History

The deep elf pyromancer is heavily wounded.
You completely miss the orc warrior.
You block the deep elf pyromancer's attack.
The orc warrior hits you with a +0 trident.
You barely miss the deep elf pyromancer.
The deep elf pyromancer is heavily wounded.
You hit the orc warrior.
You kill the orc warrior!
Beogh accepts your kill.
The deep elf pyromancer hits you with a +3 long sword.
* * * LOW HITPOINT WARNING * * *
Your Fighting skill increases to level 8!
Throw: 2 javelins (silver)
Press: ? - help, Q - select action, (/) - cycle Shift-Dir - straight line, f - fire elemental
Aim: a fire elemental (summoned, 58% to hit)
Okay, then.
Aiming: Fastroot
Press: ? - help, Shift-Dir - straight line, f - deep elf pyromancer
Aim: a deep elf pyromancer, wielding a +3 long sword (heavily wounded)
The roots erupt in riotous growth!
Roots grab the deep elf pyromancer.
The grasping roots constrict the deep elf pyromancer.
The fire elemental hits you. The fire elemental burns you!
* * * LOW HITPOINT WARNING * * *
The deep elf pyromancer hits you but does no damage.
You feel better.
The grasping roots constrict the deep elf pyromancer.
The roots release their grip on the deep elf pyromancer.
The fire elemental closely misses you. The fire elemental hits you.
The fire elemental burns you!
* * * LOW HITPOINT WARNING * * *
The deep elf pyromancer hits you with a +3 long sword.
* * * LOW HITPOINT WARNING * * *
Throw: 2 javelins (silver)
Press: ? - help, Q - select action, (/) - cycle Shift-Dir - straight line, f/p - deep elf pyromancer
Aim: a deep elf pyromancer, wielding a +3 long sword (severely wounded, 54% to hit)
You throw a silver javelin.
The silver javelin closely misses the deep elf pyromancer.
The fire elemental hits you. The fire elemental burns you!
You die...

###### #....##
#.##..############### ###
#...#...............###..
###..#........##..#......
##...######..#....###.#
##.##@EE°##.....## #.#
########.#e####.#.....#
#.. ##......[.##.#
#....## ###
#..##++##.')## #.#.##
#.##8.B8##### #.#.#
#.#8....8# ##.#.#
#.#)....)# #..#'## ###
##.#/....[# ######.....##
#.. #..#8....8#
#....##.....## #.#


You could see a deep elf pyromancer and 2 fire elementals.

Vanquished Creatures
  A wyvern (D:7)
  A shadow (D:5)
  A wraith (D:6)
  A vampire mosquito (D:7)
  Edmund (D:5)
  An orc warrior (D:7)
  An ice beast (D:7)
  A sky beast (D:7)
  2 black bears
  An ogre (D:7)
  A centaur (D:7)
  3 phantoms
  2 kobold brigands (D:7)
  A gnoll sergeant (D:7)
  2 bullfrogs
  A necrophage (D:6)
  5 scorpions
  A howler monkey (D:7)
  3 hounds
  2 jellies
  2 orc priests (D:7)
  An orc wizard (D:5)
  4 iguanas
  8 gnolls
  9 adders
  A shadow imp (D:7)
  A worm (D:2)
  3 dart slugs
  13 orcs
  2 bats (D:2)
  6 endoplasms
  3 giant cockroaches
  9 goblins
  4 hobgoblins
  3 jackals (D:1)
  16 kobolds
  3 ball pythons
  3 frilled lizards
  A rat (D:2)
124 creatures vanquished.

Vanquished Creatures (others)
  2 orc priests (D:7)
  A shadow imp (D:7)
  13 plants (D:7)
16 creatures vanquished.

Grand Total: 140 creatures vanquished

Notes
Turn   | Place    | Note
-------+----------+-------------------------------------------
     0 | D:1      | freelancePsychic the Hill Orc Fighter began the quest for
                  | the Orb.
     0 | D:1      | Reached XP level 1. HP: 19/19 MP: 1/1
    56 | D:1      | Reached skill level 3 in Axes
   201 | D:1      | Reached XP level 2. HP: 19/26 MP: 2/2
   468 | D:1      | Reached skill level 4 in Axes
  1024 | D:2      | Found a faded altar of an unknown god.
  1145 | D:2      | Reached XP level 3. HP: 31/31 MP: 3/3
  1381 | D:2      | Reached skill level 5 in Axes
  2011 | D:3      | Reached XP level 4. HP: 32/39 MP: 4/4
  2397 | D:3      | You fall into a shaft and drop 3 floors!
  2408 | D:6      | Noticed a phantom
  2430 | D:6      | Reached skill level 6 in Axes
  2434 | D:6      | Killed a phantom
  2435 | D:6      | Reached skill level 7 in Axes
  2435 | D:6      | Reached XP level 5. HP: 22/45 MP: 5/5
  2592 | D:6      | Reached skill level 8 in Axes
  2592 | D:6      | Reached XP level 6. HP: 51/51 MP: 6/6
  2598 | D:6      | Noticed a shadow
  2623 | D:5      | Entered Level 5 of the Dungeon
  2851 | D:4      | Reached skill level 9 in Axes
  3139 | D:4      | Reached XP level 7. HP: 56/58 MP: 7/7
  3178 | D:4      | Found Raezxago's Overcharged Wands.
  3364 | D:4      | Found Meulerur's Weapon Shoppe.
  3866 | D:3      | Found a hazy altar of Hepliaklqana.
  4028 | D:5      | Noticed Edmund
  4044 | D:5      | Killed Edmund
  4259 | D:5      | Reached skill level 10 in Axes
  4267 | D:5      | Reached skill level 5 in Fighting
  4267 | D:5      | Reached skill level 1 in Throwing
  4285 | D:5      | Reached XP level 8. HP: 58/68 MP: 8/8
  4921 | D:5      | Killed a shadow
  4931 | D:6      | Noticed a wraith
  4957 | D:6      | Found a bloodstained altar of Trog.
  5501 | D:6      | Found Kaisy's Magic Scroll Shop.
  5510 | D:6      | Bought a scroll of teleportation for 42 gold pieces
  5510 | D:6      | Bought a scroll of identify for 28 gold pieces
  5609 | D:6      | Killed a wraith
  5610 | D:6      | Reached skill level 11 in Axes
  5610 | D:6      | Reached XP level 9. HP: 71/78 MP: 9/9
  5755 | D:6      | Found a shadowy altar of Dithmenos.
  5898 | D:7      | Found a transporter.
  5947 | D:7      | Noticed a kobold demonologist
  5948 | D:7      | Noticed a kobold demonologist
  5955 | D:7      | Found a transporter.
  5968 | D:7      | Reached skill level 5 in Throwing
  5991 | D:7      | Noticed a sixfirhy
  5991 | D:7      | Became a worshipper of Beogh the Brigand
  6420 | D:7      | Reached skill level 1 in Invocations
  6498 | D:7      | Found a staircase to the Ecumenical Temple.
  7078 | D:7      | Found a large runed translucent door.
  7078 | D:7      | Found a large runed translucent door.
  7082 | D:7      | Noticed a boulder beetle
  7086 | D:7      | Noticed a two-headed ogre
  7397 | D:7      | Found a large runed translucent door.
  7397 | D:7      | Found a large runed translucent door.
  7433 | D:7      | Reached skill level 12 in Axes
  7436 | D:7      | Noticed a deep elf pyromancer
  7452 | D:7      | Slain by a fire elemental

Illustrated notes

Levels and vault maps discovered:
D:1:      erik_arrival_orb_chamber, layout_basic, serial_forest,
          infiniplex_forest_fountain, infiniplex_forest_lined_room_2,
          infiniplex_forest_end_2, infiniplex_forest_end_1,
          infiniplex_forest_end_1, infiniplex_forest_clump_curved,
          interstate_on_off
D:2:      layout_loops_corners, basic_ecumenical_altar, kennysheep_path_1,
          eino_curves_01, st_stairs_12, minmay_misc_feat_cross
D:3:      layout_loops_ring, nzn_hepliaklqana_mist_gate
D:4:      layout_loops_cross, serial_shops, nicolae_shop_bloodbath_and_beyond,
          kennysheep_nondescript, nicolae_shop_overcharged_wands
D:5:      layout_cave_pools, minmay_misc_feat_tower, hangedman_decor_lopped,
          uniq_edmund
D:6:      layout_cave_pools, kennysheep_mini, trog_ov_bears_minmay,
          serial_shops, nicolae_lakefront_shop
D:7:      gammafunk_wand_slinger, layout_loops_corners,
          minmay_temple_entry_overgrown, minmay_misc_feat_x,
          minmay_hollow_rounded_squares

Skill      XL: |  1  2  3  4  5  6  7  8  9 |
---------------+----------------------------+-----
Axes           | 3 4 5 7 8 9 10 11 12 | 12.0
Fighting       | 5 6 8 |  8.1
Armour         | 4 |  4.3
Throwing       | 1 4 5 |  5.0
Invocations    | 4 |  4.4
Shields        | |  3.2

Action                   |  1- 3 |  4- 6 |  7- 9 || total
-------------------------+-------+-------+-------++-------
Melee: War axe           |    87 |    85 |   323 ||   495
Throw: Dart              |       |     4 |     5 ||     9
       Javelin           |       |       |     3 ||     3
       Boomerang         |       |       |     7 ||     7
Invok: Convert to Beogh  |       |       |     1 ||     1
Evoke: Wand              |       |       |     2 ||     2
  Use: Scroll            |       |     7 |    10 ||    17
       Potion            |       |     1 |     1 ||     2
Armor: Scale mail        |    32 |       |       ||    32
       Chain mail        |    24 |    37 |   171 ||   232
Dodge: Dodged            |    28 |    19 |    77 ||   124
Block: Buckler           |    18 |    18 |   124 ||   160
       Reflection        |       |       |    11 ||    11
